 Dungeon Crawl Stone Soup version 0.22-a0-439-gac93bac (webtiles) character file.

475222 Mgcat the Axe Maniac (level 24, -5/232 HPs)
             Began as a Hill Orc Berserker on May 29, 2018.
             Was a High Priest of Trog.
             Slain by an acid blob (29 damage)
             ... on level 4 of the Realm of Zot.
             The game lasted 02:25:31 (35600 turns).

Mgcat the Axe Maniac (Hill Orc Berserker)          Turns: 35600, Time: 02:25:32

Health: -5/232     AC:  2    Str: 32    XL:     24   Next: 43%
Magic:  0/30       EV: 18    Int: 13    God:    Trog [*****.]
Gold:   2500       SH:  0    Dex: 20    Spells: 23/23 levels left

rFire    + + .     SeeInvis .   H - +5 executioner's axe (vamp) {!w}
rCold    + + .     Gourm    .   (shield currently unavailable)
rNeg     + + .     Faith    .   i - +5 gold dragon scales
rPois    +         Spirit   +   I - +1 helmet
rElec    +         Reflect  .   f - scarf {repulsion}
rCorr    +         Harm     .   y - +2 pair of gloves "Witiasch" {Str+2 Dex+5}
MR       +++++                  A - +0 pair of boots of Pragmatism {rPois MR+}
Stlth    ..........             d - amulet of guardian spirit {Spirit}
HPRegen  0.48/turn              G - ring of Uweuckou {MR++ Int+2}
MPRegen  0.22/turn              E - ring of Mistrust {*Slow rN++ MR+ Dex+6}

@: about to teleport, resistant, corroded, repel missiles
A: claws 1, icy blue scales 1, clever 2, clumsy 1
}: 3/15 runes: decaying, silver, abyssal
a: Berserk, Trog's Hand, Brothers in Arms, Renounce Religion


You were on level 4 of the Realm of Zot.
You worshipped Trog.
Trog was extremely pleased with you.
You were hungry.

You visited 7 branches of the dungeon, and saw 41 of its levels.
You visited the Abyss 1 time.
You also visited: Labyrinth.

You collected 6022 gold pieces.
You spent 3522 gold pieces at shops.

Inventory:

Hand Weapons
 H - a +5 vampiric executioner's axe (weapon) {!w}
   (Trog gifted it to you on level 1 of the Realm of Zot)
 Y - a +2 antimagic executioner's axe
   (Trog gifted it to you on level 2 of the Depths)
Missiles
 k - 14 curare-tipped needles
 p - 3 throwing nets {=f, !d}
 K - 3 javelins of returning (quivered)
Armour
 f - a scarf of repulsion (worn)
   (You found it on level 2 of the Lair of Beasts)
 i - +5 gold dragon scales (worn)
   (You bought it in a shop on level 7 of the Dungeon)
 v - a +1 cloak of magic resistance
   (You took it off a draconian knight on level 4 of the Realm of Zot)
 y - the +2 pair of gloves "Witiasch" (worn) {Str+2 Dex+5}
   (You found it on level 3 of the Swamp)

   It affects your strength (+2).
   It affects your dexterity (+5).
 A - the +0 pair of boots of Pragmatism (worn) {rPois MR+}
   (You bought it in a shop on level 7 of the Dungeon)

   It protects you from poison.
   It affects your resistance to hostile enchantments.
 I - a +1 helmet (worn)
   (You found it on level 2 of the Vaults)
Jewellery
 d - an amulet of guardian spirit (around neck) {Spirit}
   (You found it on level 3 of the Lair of Beasts)
 E - the ring of Mistrust (right hand) {*Slow rN++ MR+ Dex+6}
   (You bought it in a shop on level 2 of the Orcish Mines)

   [ring of protection from magic]

   It affects your dexterity (+6).
   It greatly protects you from negative energy.
   It affects your resistance to hostile enchantments.
   It may slow you when you take damage.
 G - the ring of Uweuckou (left hand) {MR++ Int+2}
   (You bought it in a shop on level 2 of the Orcish Mines)

   [ring of intelligence]

   It affects your intelligence (+2).
   It affects your resistance to hostile enchantments.
 V - the cursed ring "Luepas" {*Drain rF+++ rN+++ MR- Str-3}
   (You took it off a deep elf archer on level 5 of the Vaults)

   [ring of strength]

   It affects your strength (-3).
   It renders you almost immune to fire.
   It renders you almost immune to negative energy.
   It affects your resistance to hostile enchantments.
   It causes draining when unequipped.
   It has a curse placed upon it.
Wands
 h - a wand of acid (11)
   (You found it in a labyrinth)
 u - a wand of digging (62)
   (You found it on level 9 of the Dungeon)
 M - a wand of scattershot (4)
   (You found it on level 14 of the Dungeon)
 R - a wand of disintegration (26)
   (You took it off a yaktaur on level 5 of the Vaults)
Scrolls
 b - 6 scrolls of identify
 e - 2 scrolls of fear
 l - 13 scrolls of teleportation
 o - 2 scrolls of magic mapping {!r}
 s - 5 scrolls of fog
 w - 10 scrolls of remove curse
 x - a scroll of torment {!r}
 z - 3 scrolls of silence
Potions
 a - 2 potions of might
 g - a potion of ambrosia
 m - 3 potions of agility
 n - 7 potions of lignification {!q}
 q - 2 potions of mutation {!q}
 t - 12 potions of curing
 O - 2 potions of flight
Miscellaneous
 C - a lamp of fire
   (You found it on level 4 of the Lair of Beasts)
 J - 2 boxes of beasts
 N - a phial of floods
   (You found it on level 14 of the Dungeon)
 T - a crystal ball of energy
   (You found it on level 5 of the Vaults)
Comestibles
 c - 46 rations
 j - 4 chunks of flesh {@w0}


   Skills:
 + Level 22.3 Fighting
 O Level 27 Axes
 + Level 20.1 Armour
 + Level 16.2 Dodging
 + Level 7.9 Stealth
   Level 4.1 Shields
 - Level 10.0 Evocations


You had 23 spell levels left.
You didn't know any spells.
Your spell library was empty.

Dungeon Overview and Level Annotations

Branches:
Dungeon (15/15)              Lair (6/6) D:10          Swamp (4/4) Lair:4
 Spider (0/4) Lair:2        Slime (0/5) Lair:5          Orc (2/2) D:11
    Elf (0/3) Orc:2        Vaults (5/5) D:14          Crypt (0/3) Vaults:2
 Depths (5/5) D:15            Zot (4/5) Depths:5
 Temple: D:4-7

Altars:
Ashenzari
Cheibriados
Dithmenos
Fedhas
Gozag
Nemelex Xobeh
Qazlal
Ru
Vehumet
Zin

Shops:
D:7 [!%*   D:14 *   Orc:2 }}?=   Vaults:2 [   Vaults:3 (([   Vaults:5 (
Depths:2 !

Portals:
Hell: Depths:2 Depths:3 Depths:5
Abyss: Depths:5
Pandemonium: Depths:3
Ziggurat: Depths:1

Annotations:
D:14 exclusion: Roxanne, Roxanne
Lair:2 exclusion: oklob plant
Lair:5 exclusion: 2 oklob plants


Innate Abilities, Weirdness & Mutations

You have sharp fingernails.
You are partially covered in icy blue scales. (AC +2)
Your mind is very acute. (Int +4)
You are clumsy. (Dex -2)


Message History

Your iron troll dies!
Your iron troll's corpse disappears in a puff of smoke!
The yellow draconian throws acid at you.
The glob of acid is repelled.
The acid blob spits acid at you. The splash of acid hits you!
The acid corrodes you!
You are splashed with acid!
The acid burns!
You hear a distant "Zot"!
The yellow draconian throws acid at you.
The glob of acid misses you. The acid blob spits acid at you.
The splash of acid is repelled.
The yellow draconian throws acid at you.
The glob of acid hits you!
You are splashed with acid!
The acid burns!
The acid blob spits acid at you. The splash of acid misses you.
The acid blob jiggles.
The acid blob spits acid at you. The splash of acid hits you!
You are splashed with acid!
The acid burns!
The yellow draconian throws acid at you.
The glob of acid is repelled.
The acid blob spits acid at you. The splash of acid hits you!
The acid corrodes you!
You are splashed with acid!
The acid burns!
You feel yourself speed up. The acid blob spits acid at you.
The splash of acid hits you!
* * * LOW HITPOINT WARNING * * *
You are splashed with acid!
The acid burns!
* * * LOW HITPOINT WARNING * * *
Really read
D - a scroll of blinking {!r}?
Your blink will be uncontrolled - continue anyway?
Okay, then.
Unknown command.
As you read the scroll of fog, it crumbles to dust.
The scroll dissolves into smoke.
The acid blob jiggles.
The acid blob hits you!
* * * LOW HITPOINT WARNING * * *
The acid corrodes you!
You are splashed with acid!
The acid burns!
* * * LOW HITPOINT WARNING * * *
Really read
D - a scroll of blinking {!r}?
Your blink will be uncontrolled - continue anyway?
The Orb prevents control of your translocation!
You blink.
As you read the scroll of blinking {!r}, it crumbles to dust.
Okay, then.
Unknown command.
Unknown command.
Unknown command.
You feel much better. The acid blob misses you.
Okay, then.
Unknown command.
The acid blob spits acid at you. The splash of acid hits you!
* * * LOW HITPOINT WARNING * * *
The acid corrodes you!
You are splashed with acid!
The acid burns!
* * * LOW HITPOINT WARNING * * *
You feel much better. The acid blob spits acid at you.
The splash of acid hits you!
* * * LOW HITPOINT WARNING * * *
The acid corrodes you!
You are splashed with acid!
The acid burns!
* * * LOW HITPOINT WARNING * * *
The acid blob spits acid at you.
The splash of acid is repelled.
Unknown command.
Unknown command.
Unknown command.
As you read the scroll of teleportation, it crumbles to dust.
You feel strangely unstable.
You feel the Orb delaying your translocation!
The acid blob hits you.
* * * LOW HITPOINT WARNING * * *
The acid corrodes you!
You are splashed with acid!
The acid burns!
* * * LOW HITPOINT WARNING * * *
The acid blob hits you!
* * * LOW HITPOINT WARNING * * *
You are splashed with acid!
The acid burns!
* * * LOW HITPOINT WARNING * * *
As you read the scroll of fear, it crumbles to dust.
You assume a fearsome visage.
The acid blob resists with almost no effort.
The acid blob looks frightened!
The yellow draconian looks frightened!
The yellow draconian resists with some effort.
The acid blob hits you but does no damage.
Unknown command.
Unknown command.
Unknown command.
Okay, then.
Unknown command.
Okay, then.
Unknown command.
Unknown command.
Unknown command.
Unknown command.
Unknown command.
You feel protected. The acid blob hits you!!
You die...

#.......#..................
#<......../.....########...
#.........###..## ##..
#.........# #..# #...
#/....#...# #..# ##...
#....##..## #..# #....
#....##..# #..# #..).
##...##..####§.# ##...#
#....#...@Jd§.#######...##
#....#....§§§§§§........#
##...#....J§§§§§.....(..#
#.......)###§§§........#
#.....#### #§§§........#
##....# #§.§........#
#...## ##.d........# #...#
#...J.....## #...#
#.........#


You could see 2 acid blobs and a yellow draconian.

Vanquished Creatures
  2 orbs of fire
  An ancient lich (Vaults:5)
  A curse toe (Zot:3)
  Jory (Vaults:5)
  2 golden dragons
  An electric golem (Zot:1)
  13 tentacled monstrosities
  Rupert (D:14)
  An acid blob (Zot:4)
  6 titans (Vaults:5)
  4 quicksilver dragons (Vaults:5)
  A lich (Depths:5)
  A sphinx (Depths:1)
  6 death cobs
  7 shadow dragons
  3 tengu reavers
  8 storm dragons
  11 draconian monks
  10 fire giants
  An iron dragon (Depths:4)
  11 vault wardens
  5 draconian knights
  A ghost moth (Zot:3)
  7 draconian scorchers
  An orc warlord (Orc:2)
  10 frost giants
  A deep elf sorcerer (Depths:5)
  A deep elf elementalist (Vaults:5)
  3 draconian shifters
  21 stone giants
  11 draconian stormcallers
  A spriggan defender (Depths:5)
  10 ironheart preservers
  5 draconian annihilators
  3 war gargoyles (Vaults:5)
  11 very ugly things
  A deep elf demonologist (Vaults:5)
  15 green draconians
  15 black draconians
  7 white draconians
  14 yellow draconians
  9 purple draconians
  A minotaur (Lab)
  The ghost of iamserjio the Arsonist, a journeyman OpWz of Vehumet (Lair:5)
  2 blizzard demons (Abyss:3)
  11 ettins
  3 fire dragons
  12 red draconians
  A merfolk impaler (Abyss:3)
  2 deep elf high priests (Vaults:5)
  14 yaktaur captains
  A naga warrior (Abyss:3)
  A great orb of eyes (Vaults:5)
  31 vault guards
  An ice dragon (shapeshifter) (Depths:1)
  2 rakshasas
  3 spriggan air magi
  7 ice dragons
  18 hydras
  5 death knights
  A catoblepas (D:14)
  6 centaur warriors
  29 two-headed ogres
  A two-headed ogre (shapeshifter) (D:13)
  12 deep troll shamans
  15 alligators
  A titan zombie (D:15)
  14 ogre magi
  2 tengu warriors
  8 deep troll earth magi
  2 vampire magi
  A spriggan berserker (Depths:5)
  Urug (D:14)
  6 deep elf knights
  4 hell knights (Depths:3)
  The ghost of Akransas the Protected, a novice MiFi of Ru (D:7)
  A shadow wraith (Vaults:4)
  2 skeletal warriors
  28 deep trolls
  3 iron trolls
  2 flayed ghosts
  2 unseen horrors
  4 wizards
  2 spriggan druids
  4 death drakes (Depths:5)
  4 glowing orange brains
  7 swamp dragons (Swamp:4)
  3 shambling mangroves
  6 lindwurms
  6 deep elf archers
  A harpy (shapeshifter) (Vaults:2)
  7 orc knights
  14 deep elf magi
  16 ironbrand convokers
  6 phantasmal warriors
  3 wolf spiders (shapeshifter)
  3 necromancers
  3 wolf spiders
  A mana viper (shapeshifter) (Vaults:5)
  14 ugly things
  A manticore (D:14)
  A large abomination (Vaults:5)
  A stone giant zombie (D:15)
  2 orc sorcerers (Orc:2)
  Maurice (D:8)
  3 cyclopes
  13 moths of wrath
  A human skeleton (Vaults:2)
  5 vault sentinels
  An elephant (shapeshifter) (Depths:2)
  6 black mambas
  3 elephants
  The ghost of VajrapaniCONDUCT the Ruffian, a novice MiMo (D:6)
  14 spiny frogs
  4 smoke demons (Abyss:3)
  A guardian serpent (Abyss:3)
  A gargoyle (D:13)
  Psyche (D:8)
  2 molten gargoyles (Lair:6)
  A yaktaur zombie (D:15)
  8 komodo dragons
  25 yaktaurs
  A yaktaur (shapeshifter) (Vaults:4)
  3 freezing wraiths
  9 trolls
  A guardian mummy (D:15)
  2 tengu conjurers (Depths:3)
  A queen bee (shapeshifter) (Vaults:2)
  A wind drake (shapeshifter) (Vaults:4)
  2 wind drakes (Depths:5)
  A polar bear (Lair:6)
  A meliai (shapeshifter) (Depths:1)
  A hornet (shapeshifter) (D:14)
  5 tyrant leeches
  18 hornets
  5 bog bodies
  32 slime creatures
  Prince Ribbit (D:9)
  10 dream sheep
  4 blink frogs (Lair:4)
  3 raiju (Abyss:3)
  8 hippogriffs
  2 water elementals (Depths:5)
  A spriggan skeleton (D:15)
  11 spriggans
  2 redbacks (Lab)
  2 redbacks (shapeshifter)
  5 shadows
  29 yaks
  5 wyverns
  2 basilisks (Lair:6)
  4 wraiths
  A steam dragon (D:9)
  Grum (D:9)
  16 humans (D:14)
  A hungry ghost (D:9)
  24 vampire mosquitoes
  6 swamp worms
  4 nagas (Abyss:3)
  11 insubstantial wisps
  3 wargs
  9 water moccasins
  4 small abominations (Abyss:3)
  2 acid dragons (Vaults:2)
  A water moccasin (shapeshifter) (Vaults:5)
  6 sky beasts
  3 hell hounds (Lair:6)
  7 porcupines
  16 swamp drakes
  41 orc warriors
  2 ice beasts
  A hornet zombie (D:14)
  The ghost of dududu the Chopper, an amateur HOFi of Lugonu (D:3)
  33 ogres
  11 boggarts
  18 centaurs
  36 wolves
  16 crocodiles
  A deep troll simulacrum (Vaults:2)
  9 bullfrogs
  A wyvern skeleton (D:10)
  2 scorpions (D:9)
  3 killer bees (D:10)
  A killer bee (shapeshifter) (D:13)
  6 wights
  A howler monkey (D:4)
  2 electric eels (D:10)
  4 lava snakes (Lair:6)
  5 crimson imps
  A centaur zombie (D:5)
  A quasit (D:10)
  2 bullfrog zombies
  A gnoll shaman (D:4)
  4 jellies
  14 orc priests
  3 bullfrog skeletons
  7 hounds
  12 orc wizards
  4 centaur skeletons
  10 worker ants
  Ijyb (D:5)
  2 iguanas
  A killer bee zombie (D:7)
  A hound skeleton (D:5)
  7 adders
  4 gnolls (D:4)
  5 shadow imps
  2 white imps
  An adder skeleton (D:7)
  A worm (D:6)
  2 dart slugs
  2 leopard geckos
  54 orcs
  2 ball pythons
  A giant cockroach (D:6)
  4 hobgoblins
  11 jackals
  6 quokkas
  A bat (D:3)
  5 goblins
  3 kobolds
  A leopard gecko skeleton (D:9)
  14 rats
  2 crawling corpses (Vaults:5)
  4 fungi
  A plant (Lair:6)
1380 creatures vanquished.

Vanquished Creatures (collateral kills)
  2 quicksilver dragons (Zot:1)
  A deep elf sorcerer (Vaults:5)
  A draconian stormcaller (Zot:1)
  2 white draconians (Depths:5)
  3 purple draconians
  An ettin (Vaults:5)
  2 vault guards (Vaults:5)
  An ice dragon (Depths:1)
  A hydra (Swamp:4)
  A centaur warrior (Depths:1)
  A glowing orange brain (Depths:1)
  A lindwurm (Depths:5)
  A deep elf mage (Vaults:5)
  An elephant (Lair:6)
  2 black mambas (Lair:6)
  A spiny frog (Lair:6)
  3 komodo dragons (Lair:6)
  3 yaktaurs (Depths:1)
  2 orc warriors (Orc:2)
  A lava snake (Lair:6)
  An orc wizard (Orc:2)
32 creatures vanquished.

Vanquished Creatures (others)
  A spriggan defender (Depths:5)
  A deep troll (Depths:5)
  2 lindwurms (Depths:5)
  An orc warrior (Orc:2)
  A worker ant (D:5)
  An adder (D:5)
  An orc (Orc:2)
  A bush (Lair:5)
  5 fungi
  13 plants
27 creatures vanquished.

Grand Total: 1439 creatures vanquished

Notes
Turn   | Place    | Note
-------+----------+-------------------------------------------
     0 | D:1      | Mgcat the Hill Orc Berserker began the quest for the Orb.
     0 | D:1      | Reached XP level 1. HP: 19/19 MP: 1/1
    71 | D:1      | Reached XP level 2. HP: 23/26 MP: 2/2
   120 | D:1      | Reached skill level 5 in Axes
   488 | D:3      | Reached ** piety under Trog
   488 | D:3      | Reached XP level 3. HP: 31/31 MP: 3/3
   490 | D:3      | Reached skill level 6 in Axes
   647 | D:3      | Noticed dududu's ghost (amateur HOFi)
   655 | D:3      | Killed dududu's ghost
   655 | D:3      | Reached skill level 7 in Axes
   655 | D:3      | Reached XP level 4. HP: 39/39 MP: 4/4
   655 | D:3      | Reached XP level 5. HP: 45/45 MP: 5/5
   779 | D:4      | Reached skill level 8 in Axes
   787 | D:4      | Reached XP level 6. HP: 51/51 MP: 6/6
   831 | D:5      | Entered Level 5 of the Dungeon
   857 | D:5      | Reached skill level 9 in Axes
   961 | D:5      | Noticed a sky beast
   963 | D:5      | Reached skill level 10 in Axes
   963 | D:5      | Reached XP level 7. HP: 57/57 MP: 7/7
   964 | D:5      | Noticed Ijyb
   998 | D:5      | Killed Ijyb
  1280 | D:5      | Reached skill level 11 in Axes
  1532 | D:6      | Found a blossoming altar of Fedhas.
  1574 | D:6      | Noticed VajrapaniCONDUCT's ghost (novice MiMo)
  1584 | D:6      | Killed VajrapaniCONDUCT's ghost
  1584 | D:6      | Reached skill level 12 in Axes
  1584 | D:6      | Reached XP level 8. HP: 64/64 MP: 8/8
  1646 | D:6      | Reached *** piety under Trog
  1662 | D:6      | Reached skill level 13 in Axes
  1760 | D:6      | Found a sacrificial altar of Ru.
  1763 | D:6      | Found a stormy altar of Qazlal.
  2201 | D:6      | Got a creamy pearl robe
  2213 | D:6      | Identified the cursed +1 robe "Eli Jicourr" {rPois MR++ rCorr Int-3 Dex+4} (You found it on level 6 of the Dungeon)
  2322 | D:7      | Found Rajueruo's Distillery.
  2337 | D:7      | Bought a potion of heal wounds for 80 gold pieces
  2337 | D:7      | Bought a potion of degeneration for 16 gold pieces
  2339 | D:7      | Found Maucef's Armour Shoppe.
  2407 | D:7      | Found a glowing silver altar of Zin.
  2409 | D:7      | Noticed a spriggan baker
  2416 | D:7      | Killed a spriggan baker
  2416 | D:7      | Reached skill level 14 in Axes
  2449 | D:7      | Reached XP level 9. HP: 62/71 MP: 9/9
  2462 | D:7      | Reached skill level 4 in Fighting
  2485 | D:7      | Reached skill level 5 in Fighting
  2493 | D:7      | Noticed Akransas's ghost (novice MiFi)
  2495 | D:7      | Reached skill level 3 in Armour
  2719 | D:7      | Killed Akransas's ghost
  2719 | D:7      | Reached skill level 5 in Armour
  2819 | D:7      | Found Dana's Assorted Antiques.
  2975 | D:7      | Got a ripped robe
  3026 | D:7      | Found Seqous Bevuo's Food Shop.
  3066 | D:7      | Found a shattered altar of Ashenzari.
  3086 | D:7      | Found Affy's Armour Emporium.
  3288 | D:8      | Reached skill level 2 in Dodging
  3410 | D:8      | Found a sparkling altar of Nemelex Xobeh.
  3412 | D:8      | Noticed Maurice
  3473 | D:8      | Killed Maurice
  3473 | D:8      | Reached skill level 4 in Dodging
  3524 | D:8      | Noticed a two-headed ogre
  3526 | D:8      | Reached skill level 5 in Dodging
  3526 | D:8      | Reached XP level 10. HP: 81/81 MP: 10/10
  3569 | D:8      | Killed a two-headed ogre
  3569 | D:8      | Reached skill level 15 in Axes
  3571 | D:8      | Gained mutation: Your mind is acute. (Int +2) [potion of mutation]
  3571 | D:8      | Gained mutation: Your mind is very acute. (Int +4) [potion of mutation]
  3571 | D:8      | Gained mutation: You have sharp fingernails. [potion of mutation]
  3571 | D:8      | Gained mutation: You are partially covered in icy blue scales. (AC +2) [potion of mutation]
  3587 | D:8      | HP: 30/121 [orc warrior/halberd (6)]
  4005 | D:8      | Noticed Psyche
  4018 | D:8      | Killed Psyche
  4222 | D:9      | Reached skill level 16 in Axes
  4224 | D:9      | Noticed Grum
  4256 | D:9      | Killed Grum
  4557 | D:9      | Reached skill level 17 in Axes
  4672 | D:9      | Reached **** piety under Trog
  4721 | D:9      | Reached XP level 11. HP: 88/88 MP: 11/11
  4821 | D:9      | Noticed Prince Ribbit
  4832 | D:9      | Killed Prince Ribbit
  5141 | D:9      | Found a shadowy altar of Dithmenos.
  5182 | D:10     | Entered Level 10 of the Dungeon
  5244 | D:10     | Reached skill level 18 in Axes
  5442 | D:10     | Found a staircase to the Lair.
  5692 | D:10     | Noticed a two-headed ogre
  5700 | D:10     | Killed a two-headed ogre
  6006 | D:7      | Bought the cursed +0 pair of boots of Pragmatism {rPois MR+} for 274 gold pieces
  6098 | Lair:1   | Entered Level 1 of the Lair of Beasts
  6163 | Lair:2   | Reached skill level 19 in Axes
  6225 | Lair:2   | Found a hole to the Spider Nest.
  6424 | Lair:2   | Noticed an oklob plant
  7043 | Lair:3   | Reached skill level 20 in Axes
  7053 | Lair:3   | Reached ***** piety under Trog
  7053 | Lair:3   | Reached skill level 6 in Fighting
  7053 | Lair:3   | Reached XP level 12. HP: 96/96 MP: 12/12
  7078 | Lair:3   | Reached skill level 7 in Fighting
  7334 | Lair:3   | Reached skill level 8 in Fighting
  7928 | Lair:4   | Noticed a six-headed hydra
  7938 | Lair:4   | Killed a ten-headed hydra
  7938 | Lair:4   | Reached skill level 9 in Fighting
  8004 | Lair:4   | Reached skill level 10 in Fighting
  8016 | Lair:4   | Found a staircase to the Swamp.
  8089 | Lair:4   | Reached skill level 6 in Armour
  8375 | Lair:4   | Noticed a seven-headed hydra
  8385 | Lair:4   | Killed an 11-headed hydra
  8550 | Lair:4   | Received a gift from Trog
  8773 | Lair:4   | Reached skill level 7 in Armour
  9074 | Lair:5   | Noticed a seven-headed hydra
  9090 | Lair:5   | Killed a ten-headed hydra
  9193 | Lair:5   | Noticed iamserjio's ghost (journeyman OpWz)
  9209 | Lair:5   | Killed iamserjio's ghost
  9209 | Lair:5   | Reached skill level 2 in Evocations
  9209 | Lair:5   | Reached XP level 13. HP: 115/115 MP: 12/14
  9329 | Lair:5   | Reached skill level 3 in Evocations
  9512 | Lair:5   | Reached skill level 4 in Evocations
  9629 | Lair:5   | Reached skill level 5 in Evocations
  9760 | Lair:5   | Found a staircase to the Slime Pits.
 10149 | Lair:6   | Entered Level 6 of the Lair of Beasts
 10206 | Lair:6   | Reached skill level 6 in Dodging
 10219 | Lair:6   | Reached skill level 11 in Fighting
 10568 | Lair:6   | Reached skill level 8 in Armour
 11465 | Lair:6   | Reached skill level 7 in Dodging
 11686 | Lair:6   | Found a large runed door.
 11702 | Lair:6   | Found a large runed door.
 11706 | Lair:6   | Reached skill level 12 in Fighting
 11962 | Lair:6   | Noticed a fire dragon
 12050 | Lair:6   | Killed a fire dragon
 12050 | Lair:6   | Reached skill level 9 in Armour
 12312 | D:11     | Found a staircase to the Orcish Mines.
 12327 | D:11     | Reached XP level 14. HP: 126/126 MP: 17/17
 12331 | D:11     | Reached skill level 21 in Axes
 12383 | Orc:1    | Entered Level 1 of the Orcish Mines
 12428 | Orc:2    | Entered Level 2 of the Orcish Mines
 12455 | Orc:2    | Noticed an orc warlord
 12521 | Orc:2    | Killed an orc warlord
 12674 | Orc:2    | Found a staircase to the Elven Halls.
 12751 | Orc:2    | Received a gift from Trog
 12760 | Orc:2    | HP: 31/127 [orc warrior/uncursed glaive (5)]
 13083 | Orc:2    | Received a gift from Trog
 13289 | Orc:2    | Found Hoqawnypn's Gadget Boutique.
 13289 | Orc:2    | Found Riggonaz's Magic Scroll Emporium.
 13291 | Orc:2    | Found Xozib's Jewellery Shoppe.
 13293 | Orc:2    | Found Juetiu's Gadget Shop.
 13298 | Orc:2    | Bought a scroll of enchant armour for 97 gold pieces
 13298 | Orc:2    | Bought a scroll of brand weapon for 260 gold pieces
 13314 | Orc:2    | Bought the ring of Uweuckou {MR++ Int+2} for 343 gold pieces
 13528 | D:12     | Found the +3 warlock's mirror {reflect}
 13562 | D:12     | Reached skill level 1 in Shields
 13648 | D:12     | Reached skill level 2 in Shields
 13778 | D:12     | Reached skill level 3 in Shields
 13962 | D:12     | Received a gift from Trog
 13963 | D:12     | Found a radiant altar of Vehumet.
 14092 | D:13     | Reached skill level 4 in Shields
 14220 | D:13     | Found a labyrinth entrance.
 14256 | Lab      | Entered a labyrinth
 14421 | Lab      | Reached skill level 8 in Dodging
 14616 | D:13     | Found the +0 sword of Power
 14628 | D:13     | Reached skill level 10 in Armour
 14638 | D:13     | Reached skill level 13 in Fighting
 14645 | D:13     | Noticed a storm dragon
 14670 | D:13     | HP: 48/193 [storm dragon (2)]
 14684 | D:13     | Killed a storm dragon
 14957 | D:13     | Received a gift from Trog
 14957 | D:13     | Reached XP level 15. HP: 136/136 MP: 18/18
 15044 | D:14     | Found a gate to the Vaults.
 15044 | D:14     | Noticed Rupert
 15044 | D:14     | Noticed Urug
 15061 | D:14     | Killed Rupert
 15063 | D:14     | Killed Urug
 15064 | D:14     | Reached skill level 11 in Armour
 15115 | D:14     | Found a sparkling altar of Nemelex Xobeh.
 15321 | D:14     | Found Garhicw's Changing Room.
 15332 | D:14     | Noticed Roxanne
 15531 | D:14     | Reached skill level 9 in Dodging
 15755 | D:15     | Entered Level 15 of the Dungeon
 15823 | D:15     | Found a snail-covered altar of Cheibriados.
 15889 | D:15     | Reached skill level 22 in Axes
 16025 | D:15     | Reached skill level 14 in Fighting
 16345 | D:15     | Found a staircase to the Depths.
 16611 | Swamp:1  | Entered Level 1 of the Swamp
 16638 | Swamp:1  | Received a gift from Trog
 16766 | Swamp:1  | Got a coiled ivory ring
 16768 | Swamp:1  | Identified the ring of Hedonism {Fire *Drain rN+ MP+9 Dex+4} (You found it on level 1 of the Swamp)
 16843 | Swamp:1  | HP: 51/208 [shambling mangrove (17)]
 17435 | Swamp:3  | Reached skill level 12 in Armour
 17542 | Swamp:3  | Reached XP level 16. HP: 133/147 MP: 19/19
 18030 | Swamp:3  | Received a gift from Trog
 18082 | Swamp:3  | Got a pair of encrusted gloves
 18169 | Swamp:3  | Noticed a tentacled monstrosity
 18189 | Swamp:3  | Killed a tentacled monstrosity
 18189 | Swamp:3  | Reached skill level 10 in Dodging
 18329 | Swamp:3  | Identified the +2 pair of gloves "Witiasch" {Str+2 Dex+5} (You found it on level 3 of the Swamp)
 18385 | Swamp:3  | Reached skill level 15 in Fighting
 18392 | Swamp:4  | Entered Level 4 of the Swamp
 18603 | Swamp:4  | Received a gift from Trog
 18898 | Swamp:4  | Reached skill level 6 in Evocations
 19039 | Swamp:4  | Reached skill level 13 in Armour
 19113 | Swamp:4  | Got a decaying rune of Zot
 19398 | Vaults:1 | Entered Level 1 of the Vaults
 19523 | Vaults:2 | Reached skill level 23 in Axes
 19816 | Vaults:2 | Reached XP level 17. HP: 156/156 MP: 21/21
 19852 | Vaults:2 | Received a gift from Trog
 20002 | Vaults:2 | Found a staircase to the Crypt.
 20178 | Vaults:2 | Reached skill level 7 in Evocations
 20421 | Vaults:2 | Reached skill level 11 in Dodging
 20436 | Vaults:2 | HP: 49/237 [red ugly thing[a boggart] (22)]
 20960 | Vaults:2 | Reached skill level 16 in Fighting
 21300 | Vaults:2 | Found Fiown's Armour Shoppe.
 21595 | Vaults:3 | Found an opulent altar of Gozag.
 21595 | Vaults:3 | Found Gozag's Antique Weapon Boutique.
 21617 | Vaults:3 | Found Gozag's Antique Armour Shop.
 21625 | Vaults:3 | Reached skill level 8 in Evocations
 21628 | Vaults:3 | Found Gozag's Antique Weapon Shop.
 22240 | D:7      | Bought +2 gold dragon scales for 1380 gold pieces
 22638 | Vaults:4 | Received a gift from Trog
 22673 | Vaults:4 | Reached skill level 14 in Armour
 22877 | Vaults:4 | Reached XP level 18. HP: 168/168 MP: 24/24
 23287 | Vaults:4 | Reached skill level 9 in Evocations
 23691 | Vaults:4 | Cast into level 3 of the Abyss (vault warden)
 23725 | Abyss:3  | Received a gift from Trog
 23976 | Abyss:3  | Received a gift from Trog
 23985 | Abyss:3  | Got an abyssal rune of Zot
 24033 | Vaults:4 | Escaped the Abyss
 24219 | Depths:1 | Entered Level 1 of the Depths
 24246 | Depths:1 | Reached skill level 17 in Fighting
 24370 | Depths:1 | Reached skill level 24 in Axes
 24571 | Depths:1 | Reached skill level 12 in Dodging
 24689 | Depths:1 | Found a gateway to a ziggurat.
 25104 | Depths:2 | Reached skill level 10 in Evocations
 25116 | Depths:2 | Reached skill level 15 in Armour
 25116 | Depths:2 | Reached XP level 19. HP: 177/177 MP: 26/26
 25507 | Depths:2 | Received a gift from Trog
 25629 | Depths:2 | Found Ipotuetu's Distillery.
 25638 | Depths:2 | Bought a potion of heal wounds for 75 gold pieces
 25638 | Depths:2 | Bought a potion of heal wounds for 75 gold pieces
 25638 | Depths:2 | Bought a potion of agility for 60 gold pieces
 25638 | Depths:2 | Bought a potion of agility for 60 gold pieces
 25638 | Depths:2 | Bought a potion of might for 60 gold pieces
 25680 | Depths:2 | Found a gateway to Hell.
 26567 | Depths:3 | Reached skill level 18 in Fighting
 26782 | Depths:3 | Found a one-way gate leading to the halls of Pandemonium.
 26968 | Depths:3 | You fall through a shaft for 2 floors!
 26968 | Depths:5 | Entered Level 5 of the Depths
 27043 | Depths:5 | Reached skill level 16 in Armour
 27048 | Depths:5 | Reached skill level 13 in Dodging
 27285 | Depths:5 | Reached XP level 20. HP: 153/189 MP: 21/27
 27551 | Depths:5 | Found a one-way gate to the infinite horrors of the Abyss.
 27622 | Depths:5 | Reached skill level 25 in Axes
 27797 | Depths:5 | Received a gift from Trog
 28280 | Depths:5 | Found a gate to the Realm of Zot.
 28503 | Depths:5 | Identified 2 scrolls of acquirement
 28505 | Depths:5 | Got a heavily runed chain mail
 28516 | Depths:5 | Identified the +12 chain mail of Starshine {+Blink MR+ Int+3} (You acquired it on level 5 of the Depths)
 28871 | Depths:1 | Reached skill level 19 in Fighting
 29056 | Orc:2    | Bought the ring of Mistrust {*Slow rN++ MR+ Dex+6} for 742 gold pieces
 29843 | Vaults:5 | Entered Level 5 of the Vaults
 29849 | Vaults:5 | Received a gift from Trog
 29874 | Vaults:5 | Reached skill level 17 in Armour
 29879 | Vaults:5 | Received a gift from Trog
 29885 | Vaults:5 | Reached XP level 21. HP: 184/191 MP: 19/28
 30070 | Vaults:5 | Reached skill level 14 in Dodging
 30265 | Vaults:5 | Got a sparkling wooden ring
 30266 | Vaults:5 | Got a bloodstained great mace {venom}
 30357 | Vaults:5 | Noticed a golden dragon
 30374 | Vaults:5 | Killed a golden dragon
 30396 | Vaults:5 | Reached skill level 26 in Axes
 30407 | Vaults:5 | Noticed an ancient lich
 30417 | Vaults:5 | HP: 67/289 [???[an ancient lich] (38)]
 30419 | Vaults:5 | Killed an ancient lich
 30423 | Vaults:5 | HP: 41/289 [Ice Fiend/bolt of cold[a deep elf demonologist] (14)]
 30472 | Vaults:5 | Identified the cursed ring "Luepas" {*Drain rF+++ rN+++ MR- Str-3} (You took it off a deep elf archer on level 5 of the Vaults)
 30476 | Vaults:5 | Got a fine marble ring
 30487 | Vaults:5 | Identified the ring "Eliamipn" {+Fly rN+} (You took it off a deep elf demonologist on level 5 of the Vaults)
 30488 | Vaults:5 | Identified the cursed +1 great mace of Posoyjahui {venom, Int+3} (You took it off a deep elf archer on level 5 of the Vaults)
 30494 | Vaults:5 | Got a heavily runed ivory ring
 30495 | Vaults:5 | Identified the ring of Archofut {rCorr rC- Dex+5} (You took it off a yaktaur on level 5 of the Vaults)
 30688 | Vaults:5 | Reached skill level 20 in Fighting
 30743 | Vaults:5 | Received a gift from Trog
 30878 | Vaults:5 | Noticed Jory
 30897 | Vaults:5 | Killed Jory
 30966 | Vaults:5 | Reached skill level 18 in Armour
 30970 | Vaults:5 | Reached XP level 22. HP: 176/204 MP: 20/29
 31377 | Vaults:5 | Got a pitted crystal amulet
 31387 | Vaults:5 | Received a gift from Trog
 31485 | Vaults:5 | Identified the amulet "Butareiw" {Gourm rF- Int+7 SInv} (You took it off a tengu reaver on level 5 of the Vaults)
 31836 | Vaults:5 | Got a silver rune of Zot
 32075 | Vaults:5 | Found Ganwa's Antique Weapon Shop.
 32459 | Depths:1 | Reached skill level 15 in Dodging
 32597 | Zot:1    | Entered Level 1 of the Realm of Zot
 32628 | Zot:1    | Reached skill level 1 in Stealth
 32658 | Zot:1    | Reached skill level 2 in Stealth
 32682 | Zot:1    | HP: 46/211 [electric golem (19)]
 32686 | Zot:1    | HP: 20/211 [electric golem/bolt of lightning (8)]
 32705 | Zot:1    | Received a gift from Trog
 32715 | Zot:1    | HP: 49/211 [red draconian/searing blast (17)]
 32971 | Zot:1    | Reached skill level 21 in Fighting
 32991 | Zot:1    | Reached skill level 3 in Stealth
 33133 | Zot:1    | Noticed a golden dragon
 33151 | Zot:1    | Killed a golden dragon
 33211 | Zot:1    | Reached XP level 23. HP: 220/220 MP: 25/30
 33399 | Zot:1    | Received a gift from Trog
 33482 | Zot:1    | Reached skill level 19 in Armour
 33482 | Zot:1    | Reached skill level 4 in Stealth
 33649 | Zot:2    | Noticed an orb of fire
 33657 | Zot:2    | Gained mutation: You are clumsy. (Dex -2) [an orb of fire]
 33664 | Zot:2    | Killed an orb of fire
 33664 | Zot:2    | Reached skill level 5 in Stealth
 33986 | Zot:2    | Reached skill level 6 in Stealth
 34693 | Zot:3    | Noticed a curse toe
 34698 | Zot:3    | Killed a curse toe
 34916 | Zot:3    | Reached XP level 24. HP: 210/231 MP: 29/30
 34975 | Zot:3    | Noticed an orb of fire
 34978 | Zot:3    | Reached skill level 16 in Dodging
 34990 | Zot:3    | Killed an orb of fire
 34990 | Zot:3    | Reached skill level 22 in Fighting
 34990 | Zot:3    | Reached skill level 7 in Stealth
 35196 | Zot:4    | Reached skill level 27 in Axes
 35208 | Zot:4    | Received a gift from Trog
 35441 | Zot:4    | Reached skill level 20 in Armour
 35590 | Zot:4    | HP: 57/232 [acid (8)]
 35596 | Zot:4    | HP: 53/232 [acid (10)]
 35598 | Zot:4    | HP: 24/232 [acid (8)]
 35600 | Zot:4    | Slain by an acid blob

Vault maps used:
D:1:      erik_arrival_orb_chamber, minmay_misc_feat_diagonals
D:2:      uniq_terence
D:3:      yredelemnul_altar_generic, uniq_crazy_yiuf_cottage
D:4:      temple_statues, first_ration
D:5:      xom_confusion_cloud, hangedman_abyss_or_decor_stabs, uniq_ijyb
D:6:      kennysheep_little_box, nicolae_overflow_hidden_temple
D:7:      old_standard_altar, lemuel_crystal_altar, serial_shops,
          shop_fountains, shop, shop, shop_fountains, shop, the_bakery
D:8:      overflow_temple_1_default, st_stairs_14, uniq_psyche, uniq_maurice
D:9:      lemuel_coloured_pillars_altar, hive_lemuel, uniq_grum,
          uniq_prince_ribbit1
D:10:     lair_entry_dummy
D:11:     david_orc_2, portal_ice_cave_entry_ice_beasts,
          minmay_tree_intersection
D:12:     basic_altar
D:13:     minmay_guarded_unrand_sword_of_power, lab_entry_generic
D:14:     david_vaults_3, old_standard_altar, hangedman_decor_clover_reticule,
          nicolae_transmutations_shop, uniq_roxanne
D:15:     gammafunk_depths_entry_grave, nicolae_sextant, basic_altar
Lair:1:   nzn_random_ring, grunt_megastairs_1, serial_bayou_shore_a
Lair:2:   minmay_lair_oklob_tunnel, spider_nest_entry_web_field, minmay_holes
Lair:3:   grunt_forest_large_clearings, lemuel_fruit_tree
Lair:4:   minmay_swamp_entry_swarm, grunt_forest_large_clearing_hut
Lair:5:   minmay_slime_entry_oklob_open, wad_woods_06,
          eino_small_chamber_without_monster
Lair:6:   cheibrodos_lair_end_hotspot, minivault_25
Swamp:1:  nicolae_swamp_fairy_circle, swamp_pool5, infiniplex_staircase_pool_2
Swamp:2:  evilmike_swamp_ruin_house_1
Swamp:3:  evilmike_swamp_ruin_house_5
Swamp:4:  swamp
Orc:1:    enter_bailey_3, uniq_harold
Orc:2:    st_orc_rangers, nicolae_orc_flooded_monolith
Vaults:1: nicolae_vaults_display_case, ontoclasm_vaults_gateway,
          hangedman_vaults_cutoff, hangedman_vaults_river_flow,
          ontoclasm_vaults_shuriken, v_misc_16, grunt_vaults_diagonal,
          v_misc_24, hangedman_vaults_locks, v_pattern_4, v_misc_17,
          nicolae_vaults_little_squares_4
Vaults:2: blue_anna_dwarven_crypt, nicolae_vaults_windows_and_doors_thing,
          vaults_standard_mumra_lines, v_rooms_2,
          vaults_standard_mumra_enter_the_diamond, v_pattern_2, v_misc_30,
          vaults_room_hallway, vaults_dpeg_ring, v_misc_24, serial_shops,
          nicolae_shop_window_shopping
Vaults:3: vaults_room_fancy_cross, v_rooms_5, ontoclasm_vaults_twist,
          ontoclasm_vaults_chip, v_misc_13, ontoclasm_vaults_misaligned,
          v_alt_pattern_5, kennysheep_vaults_gozag_temple, vaults_dpeg_spiral,
          ontoclasm_vaults_pinch, vaults_room_grunt_arrival_checkpoint,
          v_misc_4, ontoclasm_vaults_bender, dpeg_vaults_monster_row,
          serial_glass, serial_shops, bzr_entry_customers, uniq_saint_roka
Vaults:4: dpeg_vaults_monster_box, v_alt_pattern_6, vaults_mumra_hex,
          st_spiral_rooms, vaults_mumra_chevron, grunt_vaults_hallway_long,
          nicolae_vaults_network_periphery, vaults_mumra_hexcomb, v_misc_31,
          ontoclasm_vaults_decontamination, nicolae_vaults_ring_of_whatevers
Vaults:5: uniq_jory
Depths:1: enter_ziggurat_e, nicolae_benzene_ring, lightli_too_deep,
          kennysheep_generic_room_7
Depths:2: wad_mega_maze, serial_shops, shop, hell_entry,
          serial_co_window_serial, co_window_corner_a, co_window_paths_a,
          co_window_cross_1, co_window_of_opportunity_a, co_window_paths_a,
          co_window_cross_1, co_window_paths_b, co_window_cross_1,
          co_window_corner_a, glass_columns_b, glass_columns_c,
          basic_stair_grate_trap
Depths:3: kennysheep_spiral_hall, serial_sigils, serial_sigils_hangedman_quiver,
          serial_sigils_hangedman_etch, serial_sigils_hangedman_snap,
          serial_sigils_hangedman_scar, serial_sigils_hangedman_shear,
          grunt_pan_entry_sceptre, hell_entry
Depths:4: gammafunk_jiyva_shrine, abyss_entry, minmay_splitting_lines,
          hangedman_geh_valley, minmay_misc_feat_rows, grunt_decor_clamped,
          hangedman_corner_corridor
Depths:5: lemuel_castle_with_subvaults, hangedman_abyss_or_decor_clamps,
          abyss_entry, pf_coc_iceberg, dk_noncrumbling_2, grunt_ministairs_13,
          minmay_misc_feat_hallway
Zot:1:    kennysheep_ambush_hall
Zot:2:    lemuel_draconian_sentries_small, kennysheep_underground_church
Zot:4:    lemuel_acid_trip
Abyss:3:  minivault_25, nicolae_abyss_rune_left_handed
Lab:      lab_fountain, nicolae_lab_t_cross, nicolae_lab_flowing_pool,
          nicolae_lab_plus, nicolae_lab_big_swirl

Skill      XL: |  1  2  3  4  5  6  7  8  9 10 11 12 13 14 15 16 17 18 19 20 21 22 23 24 |
---------------+-------------------------------------------------------------------------+-----
Axes           | 5 7 8 10 12 14 17 20 21 22 23 24 25 26 27 | 27.0
Fighting       | 5 6 10 12 13 14 15 16 17 18 19 20 21 22 | 22.3
Armour         | 5 7 9 10 12 13 14 15 16 17 18 19 20 | 20.1
Dodging        | 5 7 8 9 10 11 12 13 14 15 16 | 16.2
Evocations     | 2 5 6 8 10 | 10.0
Shields        | 4 |  4.1
Stealth        | 3 6 7 |  7.9

Action                   |  1- 3 |  4- 6 |  7- 9 | 10-12 | 13-15 | 16-18 | 19-21 | 22-24 || total
-------------------------+-------+-------+-------+-------+-------+-------+-------+-------++-------
Melee: Hand axe          |    81 |    41 |   294 |   123 |       |       |       |       ||   539
       Broad axe         |       |       |       |   467 |  1001 |   409 |       |       ||  1877
       Battleaxe         |       |       |       |       |       |   842 |  1255 |   473 ||  2570
       Executioner's axe |       |       |       |       |       |       |       |   526 ||   526
Invok: Berserk           |     2 |     3 |    11 |    25 |    28 |    15 |     8 |     3 ||    95
       Trog's Hand       |     1 |       |     3 |     8 |    22 |    15 |    18 |     8 ||    75
       Brothers in Arms  |       |       |       |       |     5 |     2 |     3 |     5 ||    15
Evoke: Wand              |       |       |       |    33 |     6 |    35 |     3 |     6 ||    83
       Box of beasts     |       |       |       |       |     1 |       |     1 |       ||     2
       Sack of spiders   |       |       |       |       |       |       |     1 |       ||     1
  Use: Scroll            |       |       |     7 |     8 |    14 |    15 |    14 |    11 ||    69
       Potion            |       |       |     1 |    10 |     2 |     5 |     7 |    12 ||    37
 Stab: Paralysed         |       |       |       |    11 |     5 |    31 |       |       ||    47
       Distracted        |       |       |       |       |       |     1 |     4 |     1 ||     6
       Confused          |       |       |       |       |       |       |     6 |     2 ||     8
       Invisible         |       |       |       |       |       |       |       |     3 ||     3
  Eat: Chunk             |       |     4 |    20 |    56 |    62 |    51 |    14 |    11 ||   218
       Ration            |       |       |     1 |       |       |     1 |     4 |     8 ||    14
Armor: Ring mail         |     7 |       |       |       |       |       |       |       ||     7
       Animal skin       |     1 |       |       |       |       |       |       |       ||     1
       Plate armour      |    48 |    10 |   131 |   310 |   447 |   216 |       |       ||  1162
       Skin              |       |       |       |    14 |       |       |       |       ||    14
       Gold dragon scale |       |       |       |       |       |   260 |   733 |   704 ||  1697
Dodge: Dodged            |    27 |    18 |    42 |   217 |   482 |   690 |   773 |   672 ||  2921
       Deflected         |       |       |       |       |    54 |    40 |    37 |    41 ||   172
Block: Buckler           |       |       |       |       |   150 |   111 |       |       ||   261
       Reflection        |       |       |       |       |    10 |     3 |       |       ||    13
       Other             |       |       |       |       |       |     1 |       |       ||     1

Table legend:
 A = Spawn XP
 B = Non-spawn XP
 C = Spawn XP percentage of total XP
 D = Spawn monster count
 E = Non-spawn monster count
 F = Spawn count percentage of total count
 G = Total turns spent on level
                    A         B        C        D         E        F      G
               +---------+---------+-------+---------+---------+-------+---------
         Total |    4059 |  883996 |   0.5 |      12 |    1396 |   0.9 | 35600
               +---------+---------+-------+---------+---------+-------+---------
           D:1 |       0 |      21 |   0.0 |       0 |      18 |   0.0 |   294
           D:2 |       0 |      11 |   0.0 |       0 |       5 |   0.0 |   152
           D:3 |       0 |     174 |   0.0 |       0 |      15 |   0.0 |   293
           D:4 |       0 |     160 |   0.0 |       0 |       8 |   0.0 |    92
           D:5 |       0 |     710 |   0.0 |       0 |      21 |   0.0 |   691
           D:6 |       0 |    1017 |   0.0 |       0 |      20 |   0.0 |  1018
           D:7 |       0 |    1482 |   0.0 |       0 |      10 |   0.0 |   884
           D:8 |       0 |    3619 |   0.0 |       0 |      22 |   0.0 |   999
           D:9 |       0 |    3324 |   0.0 |       0 |      26 |   0.0 |  1022
          D:10 |       0 |    2691 |   0.0 |       0 |      27 |   0.0 |   907
          D:11 |       0 |     794 |   0.0 |       0 |      10 |   0.0 |   161
          D:12 |       0 |    4784 |   0.0 |       0 |      30 |   0.0 |   827
          D:13 |       0 |   15171 |   0.0 |       0 |      34 |   0.0 |   810
          D:14 |       0 |   15146 |   0.0 |       0 |      41 |   0.0 |   735
          D:15 |       0 |    9785 |   0.0 |       0 |      22 |   0.0 |   869
        Lair:1 |       0 |     689 |   0.0 |       0 |       3 |   0.0 |    85
        Lair:2 |       0 |    1657 |   0.0 |       0 |      10 |   0.0 |   736
        Lair:3 |       0 |    5854 |   0.0 |       0 |      34 |   0.0 |  1016
        Lair:4 |       0 |    8574 |   0.0 |       0 |      34 |   0.0 |  1315
        Lair:5 |       0 |    5024 |   0.0 |       0 |      16 |   0.0 |  1121
        Lair:6 |       0 |   18786 |   0.0 |       0 |      69 |   0.0 |  2042
       Swamp:1 |       0 |    4783 |   0.0 |       0 |      16 |   0.0 |   457
       Swamp:2 |       0 |    9504 |   0.0 |       0 |      20 |   0.0 |   393
       Swamp:3 |       0 |   19431 |   0.0 |       0 |      50 |   0.0 |  1145
       Swamp:4 |       0 |   27686 |   0.0 |       0 |      55 |   0.0 |   645
         Orc:1 |       0 |      44 |   0.0 |       0 |       1 |   0.0 |   276
         Orc:2 |       0 |   11744 |   0.0 |       0 |      88 |   0.0 |   877
      Vaults:2 |       0 |   44658 |   0.0 |       0 |      74 |   0.0 |  2438
      Vaults:3 |       0 |   14227 |   0.0 |       0 |      14 |   0.0 |   629
      Vaults:4 |       0 |   52642 |   0.0 |       0 |      66 |   0.0 |  1793
      Vaults:5 |       0 |  184358 |   0.0 |       0 |     173 |   0.0 |  2402
      Depths:1 |       0 |   39096 |   0.0 |       0 |      48 |   0.0 |   947
      Depths:2 |       0 |   33246 |   0.0 |       0 |      41 |   0.0 |  1149
      Depths:3 |       0 |   31633 |   0.0 |       0 |      40 |   0.0 |   815
      Depths:4 |       0 |    1778 |   0.0 |       0 |       1 |   0.0 |    47
      Depths:5 |       0 |   73334 |   0.0 |       0 |      80 |   0.0 |  1856
         Zot:1 |       0 |   58348 |   0.0 |       0 |      41 |   0.0 |   916
         Zot:2 |       0 |   83296 |   0.0 |       0 |      49 |   0.0 |  1180
         Zot:3 |       0 |   42825 |   0.0 |       0 |      19 |   0.0 |   456
         Zot:4 |       0 |   45122 |   0.0 |       0 |      32 |   0.0 |   451
       Abyss:3 |    4059 |    5135 |  44.1 |      12 |      10 |  54.5 |   342
           Lab |       0 |    1633 |   0.0 |       0 |       3 |   0.0 |   236
               +---------+---------+-------+---------+---------+-------+---------

Vault maps used:
D:1:      erik_arrival_orb_chamber, minmay_misc_feat_diagonals
D:2:      uniq_terence
D:3:      yredelemnul_altar_generic, uniq_crazy_yiuf_cottage
D:4:      temple_statues, first_ration
D:5:      xom_confusion_cloud, hangedman_abyss_or_decor_stabs, uniq_ijyb
D:6:      kennysheep_little_box, nicolae_overflow_hidden_temple
D:7:      old_standard_altar, lemuel_crystal_altar, serial_shops,
          shop_fountains, shop, shop, shop_fountains, shop, the_bakery
D:8:      overflow_temple_1_default, st_stairs_14, uniq_psyche, uniq_maurice
D:9:      lemuel_coloured_pillars_altar, hive_lemuel, uniq_grum,
          uniq_prince_ribbit1
D:10:     lair_entry_dummy
D:11:     david_orc_2, portal_ice_cave_entry_ice_beasts,
          minmay_tree_intersection
D:12:     basic_altar
D:13:     minmay_guarded_unrand_sword_of_power, lab_entry_generic
D:14:     david_vaults_3, old_standard_altar, hangedman_decor_clover_reticule,
          nicolae_transmutations_shop, uniq_roxanne
D:15:     gammafunk_depths_entry_grave, nicolae_sextant, basic_altar
Lair:1:   nzn_random_ring, grunt_megastairs_1, serial_bayou_shore_a
Lair:2:   minmay_lair_oklob_tunnel, spider_nest_entry_web_field, minmay_holes
Lair:3:   grunt_forest_large_clearings, lemuel_fruit_tree
Lair:4:   minmay_swamp_entry_swarm, grunt_forest_large_clearing_hut
Lair:5:   minmay_slime_entry_oklob_open, wad_woods_06,
          eino_small_chamber_without_monster
Lair:6:   cheibrodos_lair_end_hotspot, minivault_25
Swamp:1:  nicolae_swamp_fairy_circle, swamp_pool5, infiniplex_staircase_pool_2
Swamp:2:  evilmike_swamp_ruin_house_1
Swamp:3:  evilmike_swamp_ruin_house_5
Swamp:4:  swamp
Orc:1:    enter_bailey_3, uniq_harold
Orc:2:    st_orc_rangers, nicolae_orc_flooded_monolith
Vaults:1: nicolae_vaults_display_case, ontoclasm_vaults_gateway,
          hangedman_vaults_cutoff, hangedman_vaults_river_flow,
          ontoclasm_vaults_shuriken, v_misc_16, grunt_vaults_diagonal,
          v_misc_24, hangedman_vaults_locks, v_pattern_4, v_misc_17,
          nicolae_vaults_little_squares_4
Vaults:2: blue_anna_dwarven_crypt, nicolae_vaults_windows_and_doors_thing,
          vaults_standard_mumra_lines, v_rooms_2,
          vaults_standard_mumra_enter_the_diamond, v_pattern_2, v_misc_30,
          vaults_room_hallway, vaults_dpeg_ring, v_misc_24, serial_shops,
          nicolae_shop_window_shopping
Vaults:3: vaults_room_fancy_cross, v_rooms_5, ontoclasm_vaults_twist,
          ontoclasm_vaults_chip, v_misc_13, ontoclasm_vaults_misaligned,
          v_alt_pattern_5, kennysheep_vaults_gozag_temple, vaults_dpeg_spiral,
          ontoclasm_vaults_pinch, vaults_room_grunt_arrival_checkpoint,
          v_misc_4, ontoclasm_vaults_bender, dpeg_vaults_monster_row,
          serial_glass, serial_shops, bzr_entry_customers, uniq_saint_roka
Vaults:4: dpeg_vaults_monster_box, v_alt_pattern_6, vaults_mumra_hex,
          st_spiral_rooms, vaults_mumra_chevron, grunt_vaults_hallway_long,
          nicolae_vaults_network_periphery, vaults_mumra_hexcomb, v_misc_31,
          ontoclasm_vaults_decontamination, nicolae_vaults_ring_of_whatevers
Vaults:5: uniq_jory
Depths:1: enter_ziggurat_e, nicolae_benzene_ring, lightli_too_deep,
          kennysheep_generic_room_7
Depths:2: wad_mega_maze, serial_shops, shop, hell_entry,
          serial_co_window_serial, co_window_corner_a, co_window_paths_a,
          co_window_cross_1, co_window_of_opportunity_a, co_window_paths_a,
          co_window_cross_1, co_window_paths_b, co_window_cross_1,
          co_window_corner_a, glass_columns_b, glass_columns_c,
          basic_stair_grate_trap
Depths:3: kennysheep_spiral_hall, serial_sigils, serial_sigils_hangedman_quiver,
          serial_sigils_hangedman_etch, serial_sigils_hangedman_snap,
          serial_sigils_hangedman_scar, serial_sigils_hangedman_shear,
          grunt_pan_entry_sceptre, hell_entry
Depths:4: gammafunk_jiyva_shrine, abyss_entry, minmay_splitting_lines,
          hangedman_geh_valley, minmay_misc_feat_rows, grunt_decor_clamped,
          hangedman_corner_corridor
Depths:5: lemuel_castle_with_subvaults, hangedman_abyss_or_decor_clamps,
          abyss_entry, pf_coc_iceberg, dk_noncrumbling_2, grunt_ministairs_13,
          minmay_misc_feat_hallway
Zot:1:    kennysheep_ambush_hall
Zot:2:    lemuel_draconian_sentries_small, kennysheep_underground_church
Zot:4:    lemuel_acid_trip
Abyss:3:  minivault_25, nicolae_abyss_rune_left_handed
Lab:      lab_fountain, nicolae_lab_t_cross, nicolae_lab_flowing_pool,
          nicolae_lab_plus, nicolae_lab_big_swirl

Table legend:
 A = Turns spent in this place as a percentage of turns spent in the entire game.
 B = Non-inter-level travel turns spent in this place as a percentage of non-inter-level travel turns spent in the entire game.
 C = Inter-level travel turns spent in this place as a percentage of turns spent in this place.
 D = Turns resting spent in this place as a percentage of non-inter-level travel turns spent in this place.
 E = Turns spent auto-exploring this place as a percentage of non-inter-level travel turns spent in this place.
 F = Non-inter-level travel turns spent in this place divided by the number of levels of this place that you've seen.
                   A       B       C       D       E      F
               +-------+-------+-------+-------+-------+----------------------
         Total | 100.0 | 100.0 |   9.2 |  16.9 |  49.3 | 752.0
       Dungeon |  27.4 |  26.1 |  13.5 |  16.9 |  56.6 | 562.7
          Lair |  17.7 |  18.0 |   7.7 |  20.0 |  57.5 | 971.8
         Swamp |   7.4 |   7.8 |   4.7 |  42.4 |  13.2 | 629.0
  Orcish Mines |   3.2 |   3.2 |  10.8 |  20.6 |  31.8 | 514.5
        Vaults |  20.6 |  20.0 |  11.8 |  17.7 |  44.3 | 1294.8
        Depths |  13.5 |  14.0 |   5.9 |   6.0 |  57.8 | 906.0
           Zot |   8.4 |   9.1 |   2.2 |   4.9 |  52.7 | 734.5
         Abyss |   1.0 |   1.1 |   0.0 |   1.8 |  39.8 | 342.0
     Labyrinth |   0.7 |   0.7 |   0.0 |  14.0 |   0.0 | 236.0
               +-------+-------+-------+-------+-------+----------------------

Table legend:
 A = Kills in this place as a percentage of kills in entire the game.
 B = Kills by you in this place as a percentage of kills by you in the entire game.
 C = Kills by friends in this place as a percentage of kills by friends in the entire game.
 D = Other kills in this place as a percentage of other kills in the entire game.
 E = Experience gained in this place as a percentage of experience gained in the entire game.
 F = Experience gained in this place divided by the number of levels of this place that you have seen.
                   A       B       C       D       E      F
               +-------+-------+-------+-------+-------+----------------------
         Total | 100.0 | 100.0 | 100.0 | 100.0 | 100.0 | 20652.4
       Dungeon |  21.9 |  22.5 |   0.0 |   0.0 |   6.6 | 3925.9
          Lair |  11.8 |  11.5 |  25.0 |   0.0 |   4.6 | 6764.0
         Swamp |  10.0 |  10.2 |   3.1 |   0.0 |   6.9 | 15351.0
  Orcish Mines |   6.3 |   6.2 |   9.4 |  33.3 |   1.3 | 5894.0
        Vaults |  23.2 |  23.5 |  15.6 |   0.0 |  33.3 | 59177.0
        Depths |  14.9 |  14.3 |  34.4 |  66.7 |  20.2 | 35817.4
           Zot |  10.0 |  10.0 |  12.5 |   0.0 |  25.9 | 57397.8
         Abyss |   1.6 |   1.6 |   0.0 |   0.0 |   1.0 | 9194.0
     Labyrinth |   0.2 |   0.2 |   0.0 |   0.0 |   0.2 | 1633.0
               +-------+-------+-------+-------+-------+----------------------
